 Dungeon Crawl Stone Soup version 0.29.1-1-gd02db6906a (webtiles) character file.

Game seed: 12737245216870774092

16 H0rd4k the Charlatan (level 2, 0/21 HPs)
             Began as a Human Artificer on Sept 15, 2022.
             Slain by a hobgoblin (1 damage)
             ... on level 1 of the Dungeon.
             The game lasted 00:00:38 (860 turns).

H0rd4k the Charlatan (Human Artificer)               Turns: 860, Time: 00:00:38

Health: 0/21       AC:  3    Str: 12    XL:     2   Next: 75%
Magic:  2/2        EV: 11    Int: 11    God:
Gold:   18         SH:  0    Dex: 13    Spells: 1/1 levels left

rFire   . . .      SeeInvis .   a - +0 club
rCold   . . .      Faith    .   (no shield)
rNeg    . . .      Spirit   .   b - +0 leather armour
rPois   .          Reflect  .   (no helmet)
rElec   .          Harm     .   (no cloak)
rCorr   .          Rampage  .   (no gloves)
Will    .....                   (no boots)
Stlth   +.........              (no amulet)
HPRegen 0.07/turn               (no ring)
MPRegen 0.08/turn               (no ring)

@: no status effects
A: no striking features
a: no special abilities


You were on level 1 of the Dungeon.
You visited 1 branch of the dungeon, and saw 1 of its levels.

You collected 18 gold pieces.

Inventory:

Hand Weapons
 a - a +0 club (weapon)
Armour
 b - a +0 leather armour (worn)
Wands
 c - a wand of flame (15) (quivered)
 d - a wand of charming (15)
 e - a wand of iceblast (5)
Scrolls
 f - 2 scrolls of identify {unknown}
 g - 2 scrolls of teleportation {unknown}
 h - a scroll of brand weapon {unknown}


   Skills:
 + Level 1.6 Fighting
 + Level 0.6 Maces & Flails
 - Level 2.0 Armour
 + Level 1.8 Dodging
 - Level 1.0 Stealth
 - Level 3.0 Evocations


You had one spell level left.
You didn't know any spells.
Your spell library was empty.

Dungeon Overview and Level Annotations

Branches:
Dungeon (1/15)

Altars:


Message History

The goblin closely misses you.
You barely miss the goblin. The goblin hits you with a +0 dagger.
You hit the goblin but do no damage. The goblin barely misses you.
You hit the goblin but do no damage. The goblin hits you but does no damage.
You closely miss the goblin. The goblin misses you.
You closely miss the goblin.
A rat comes into view.
The goblin hits you but does no damage. The hobgoblin barely misses you.
The goblin hits you but does no damage.
You completely miss the goblin. The goblin hits you with a +0 dagger.
The hobgoblin barely misses you.
You hit the goblin.
The goblin is severely wounded.
The hobgoblin hits you. The goblin hits you but does no damage.
You hit the goblin.
You kill the goblin!
The hobgoblin hits you. The rat attacks as you move away!
The rat barely misses you.
You hit the rat.
You kill the rat!
The hobgoblin hits you.
You hit the hobgoblin but do no damage. The hobgoblin closely misses you.
You barely miss the hobgoblin. The hobgoblin hits you.
You hit the hobgoblin.
The hobgoblin is moderately wounded.
The hobgoblin barely misses you. The hobgoblin hits you.
* * * LOW HITPOINT WARNING * * *
You closely miss the hobgoblin.
The hobgoblin is moderately wounded.
The hobgoblin barely misses you.
You closely miss the hobgoblin.
The hobgoblin is moderately wounded.
The hobgoblin hits you.
* * * LOW HITPOINT WARNING * * *
You closely miss the hobgoblin. The hobgoblin closely misses you.
The hobgoblin barely misses you.
You hit the hobgoblin.
The hobgoblin is almost dead.
The hobgoblin hits you.
You die...

#.#
#........†......
#.#
################
#.### #.. #...#
#.# ###.# #.#
#)### #.# #...#
#.# ###.## #.#
#.@# #.# ##g#
#.. #)..# ###
.......
..........
[........#.
.....)....#
...........#
............#


You could see a hobgoblin.

Vanquished Creatures
  An endoplasm (D:1)
  A giant cockroach (D:1)
  3 goblins (D:1)
  A hobgoblin (D:1)
  3 jackals (D:1)
  A ball python (D:1)
  A bat (D:1)
  A frilled lizard (D:1)
  3 rats (D:1)
15 creatures vanquished.

Vanquished Creatures (others)
  4 toadstools (D:1)
4 creatures vanquished.

Grand Total: 19 creatures vanquished

Notes
Turn   | Place    | Note
-------+----------+-------------------------------------------
     0 | D:1      | H0rd4k the Human Artificer began the quest for the Orb.
     0 | D:1      | Reached XP level 1. HP: 15/15 MP: 1/1
   265 | D:1      | Reached XP level 2. HP: 16/21 MP: 2/2
   858 | D:1      | HP: 1/21 [hobgoblin (4)]
   860 | D:1      | Slain by a hobgoblin

Illustrated notes

Levels and vault maps discovered:
D:1:      ldierk_walled_garden_2, layout_basic

Action                   || total
-------------------------++-------
Melee: Club              ||    71
       Punch             ||     1
Armor: Leather armour    ||    25
Dodge: Dodged            ||    55
